 Dungeon Crawl Stone Soup version 0.30.0-5-g1a98f26d00 (webtiles) character file.

Game seed: 13836184017879698671

10682 Ijustatesigmund the Destroyer (level 11, -19/83 HPs)
             Began as a Gnoll Conjurer on May 11, 2023.
             Was a Believer of Cheibriados.
             Demolished by Fannar
             ... wielding a +0 quarterstaff of freezing
              (26 damage)
             ... on level 10 of the Dungeon.
             The game lasted 00:30:21 (14780 turns).

Ijustatesigmund the Destroyer (Gnoll Conjurer)     Turns: 14780, Time: 00:30:22

Health: -19/83     AC: 10    Str: 11    XL:     11   Next: 65%
Magic:  25/25      EV: 16    Int: 25    God:    Cheibriados [**....]
Gold:   621        SH:  7    Dex: 17    Spells: 18/27 levels left

rFire   . . .        A - +4 morningstar (protect)
rCold   . . .        q - +1 buckler
rNeg    . . .        a - +0 robe
rPois   .            i - +2 hat
rElec   .            v - +1 cloak
rCorr   .            h - +2 pair of gloves
SInv    .            (no boots)
Will    .....        (no amulet)
Stlth   +++++        n - ring of flight
HPRegen 0.33/turn    (no ring)
MPRegen 0.19/turn

%: no passive effects
@: mighty, flying, very slow
A: fangs 1, strong nose, distributed training, thin skeletal structure 1, high
MP 1, subdued magic 1
a: Renounce Religion, Bend Time


You were on level 10 of the Dungeon.
You worshipped Cheibriados.
Cheibriados was pleased with you.
You visited 2 branches of the dungeon, and saw 11 of its levels.

You collected 676 gold pieces.
You spent 55 gold pieces at shops.

Inventory:

Hand Weapons
 d - a +7 heavy hand axe
 A - a +4 morningstar of protection (weapon)
Missiles
 g - a curare-tipped dart
Armour
 a - a +0 robe (worn)
 h - a +2 pair of gloves (worn)
 i - a +2 hat (worn)
 q - a +1 buckler (worn)
 v - a +1 cloak (worn)
Magical Staves
 w - a staff of conjuration
Jewellery
 n - a ring of flight (left hand)
Wands
 p - a wand of flame (32)
 r - a wand of mindburst (3)
Scrolls
 c - 5 scrolls of teleportation
 l - 2 scrolls of amnesia
 o - 3 scrolls of enchant armour
 s - 2 scrolls of torment
 t - 2 scrolls of immolation
 x - a scroll of noise {unknown}
 y - a scroll of poison
 E - a scroll of fear
 F - 3 scrolls of identify
Potions
 b - a potion of magic
 e - a potion of resistance
 f - 5 potions of curing
 j - 4 potions of lignification
 m - 7 potions of brilliance
 z - 5 potions of flight
 B - 3 potions of might
 C - a potion of attraction
 D - a potion of mutation


   Skills:
 + Level 6.7 Fighting
 + Level 6.7 Short Blades
 + Level 6.7 Long Blades
 + Level 6.7 Axes
 + Level 6.7 Maces & Flails
 + Level 6.7 Polearms
 + Level 6.7 Staves
 + Level 6.7 Ranged Weapons
 + Level 6.7 Throwing
 + Level 6.7 Armour
 + Level 8.2 Dodging
 + Level 8.0 Stealth
 + Level 6.7 Shields
 + Level 6.7 Unarmed Combat
 + Level 8.5 Spellcasting
 + Level 9.1 Conjurations
 + Level 5.6 Hexes
 + Level 5.6 Summonings
 + Level 5.6 Necromancy
 + Level 5.6 Translocations
 + Level 5.6 Transmutations
 + Level 5.6 Fire Magic
 + Level 5.6 Ice Magic
 + Level 5.6 Air Magic
 + Level 5.6 Earth Magic
 + Level 5.6 Poison Magic
 + Level 7.4 Invocations
 + Level 6.7 Evocations


You had 18 spell levels left.
You knew the following spells:

 Your Spells              Type           Power      Damage    Failure   Level
a - Magic Dart            Conj           100%       1d8       1%          1
b - Searing Ray           Conj           86%        2d7       1%          2
c - Iskenderun's Mystic   Conj/Tloc      36%        2d9       2%          4
d - Poisonous Vapours     Pois/Air       58%        N/A       1%          2

Your spell library contained the following spells:

 Spells                   Type           Power      Damage    Failure   Level
 Apportation              Tloc           58%        N/A       1%          1
 Beastly Appendage        Tmut           58%        N/A       1%          1
 Sting                    Tmut/Pois      100%       1d8       1%          1
 Wereblood                Tmut           29%        N/A       1%          2
 Dazzling Flash           Conj/Hex       72%        N/A       1%          3
 Spider Form              Tmut/Pois      29%        N/A       1%          3
 Fulminant Prism          Conj/Hex       18%        3d11      2%          4
 Olgreb's Toxic Radiance  Pois           29%        N/A       6%          4
 Alistair's Intoxication  Tmut/Pois      19%        N/A       19%         5


Dungeon Overview and Level Annotations

Branches:
Dungeon (10/15)            Temple (1/1) D:7            Lair (0/5) D:8
    Orc: D:9-12

Altars:
Ashenzari
Cheibriados
Dithmenos
Elyvilon
Fedhas
Gozag
Hepliaklqana
Kikubaaqudgha
Makhleb
Nemelex Xobeh
Okawaru
Qazlal
Ru
Sif Muna
Trog
Uskayaw
Vehumet
Wu Jian
Xom
Yredelemnul
Zin
The Shining One

Shops:
D:7 *

Annotations:
D:10 Fannar


Innate Abilities, Weirdness & Mutations

You have very sharp teeth.
Your uncanny sense of smell can sniff out nearby items.
Your experience applies equally to all skills.
You have a somewhat thin skeletal structure. (Dex +2, Stealth+)
You have an increased reservoir of magic. (+10% MP)
Your spells are a little easier to cast, but a little less powerful.


Message History

You are confused.
You feel invigorated.
Fannar hits you with a +0 quarterstaff of freezing.
* * * LOW HITPOINT WARNING * * *
Fannar freezes you.
* * * LOW HITPOINT WARNING * * *
You bump into the rock wall.
Fannar hits you with a +0 quarterstaff of freezing.
* * * LOW HITPOINT WARNING * * *
Fannar freezes you.
* * * LOW HITPOINT WARNING * * *
You barely miss Fannar.
Fannar is moderately wounded.
Fannar hits you with a +0 quarterstaff of freezing.
* * * LOW HITPOINT WARNING * * *
Fannar freezes you.
* * * LOW HITPOINT WARNING * * *
Fannar hits you with a +0 quarterstaff of freezing.
* * * LOW HITPOINT WARNING * * *
Fannar freezes you.
* * * LOW HITPOINT WARNING * * *
You're too confused to move!
You feel less invigorated.
You feel less confused.
Fannar hits you with a +0 quarterstaff of freezing.
* * * LOW HITPOINT WARNING * * *
Fannar freezes you.
* * * LOW HITPOINT WARNING * * *
You closely miss Fannar. Your bite misses Fannar.
Fannar is moderately wounded.
Fannar mumbles some strange words.
Fannar drains the heat from the surrounding environment!
* * * LOW HITPOINT WARNING * * *
You feel better.
Fannar casts a spell.
Fannar drains the heat from the surrounding environment!
* * * LOW HITPOINT WARNING * * *
You feel better.
Fannar mumbles some strange words.
Fannar drains the heat from the surrounding environment!
You die...

......##..#'##.#####.#
......##..+_'..# #.#
#####+##.##+##.### #.#
###.....)........# #.#
.†.......#####.#.# #.#
###......#.....#.###.#
#......#.#.#.#.#...#
###+#....#...#e#.###
#.#........#@#.#
#.#..........#.#
#.#........###.#
#.#.##.##### #.#
#.#..#.# #.#
#####.##.#.# #.#
...........# #.#####
.#######.### #.....#
## #.# #####.#


You could see Fannar.

Vanquished Creatures
  A gargoyle (D:10)
  A rime drake (D:8)
  An efreet (D:10)
  A troll (D:10)
  A hornet (D:8)
  Prince Ribbit (D:7)
  2 shadows
  3 wyverns
  16 yaks
  Menkaure (D:5)
  2 steam dragons
  A water moccasin (D:7)
  2 sky beasts
  Duvessa (D:4)
  10 ice beasts
  3 orc warriors
  A black bear (D:6)
  3 ogres
  A phantom (D:7)
  4 centaurs
  3 wolves (D:8)
  2 kobold brigands
  Blork the orc (D:5)
  7 bullfrogs
  2 gnoll sergeants
  3 scorpions
  18 wights
  Dowan (D:4)
  3 killer bees (D:9)
  4 howler monkeys
  A crimson imp (D:5)
  5 hounds
  2 gnoll boudas
  6 orc priests
  A jelly (D:7)
  8 orc wizards
  Ijyb (D:3)
  A sleepcap (D:4)
  19 gnolls
  10 adders
  4 white imps
  2 ufetubi (D:6)
  3 worms (D:2)
  3 dart slugs
  31 orcs
  8 ball pythons
  8 endoplasms
  3 giant cockroaches
  9 goblins
  7 hobgoblins
  7 jackals
  7 quokkas (D:1)
  2 bats (D:3)
  2 frilled lizards
  15 kobolds
  7 rats
272 creatures vanquished.

Notes
Turn   | Place    | Note
-------+----------+-------------------------------------------
     0 | D:1      | Ijustatesigmund the Gnoll Conjurer began the quest for the
                  | Orb.
     0 | D:1      | Reached XP level 1. HP: 13/13 MP: 6/6
   255 | D:1      | Reached XP level 2. HP: 19/19 MP: 4/7
   258 | D:1      | Learned a level 2 spell: Searing Ray
   751 | D:1      | Reached skill level 5 in Spellcasting
   751 | D:1      | Reached XP level 3. HP: 25/25 MP: 5/9
  1198 | D:2      | Reached skill level 1 in Invocations
  1418 | D:2      | Reached skill level 1 in Fighting
  1418 | D:2      | Reached skill level 1 in Short Blades
  1418 | D:2      | Reached skill level 1 in Long Blades
  1418 | D:2      | Reached skill level 1 in Axes
  1418 | D:2      | Reached skill level 1 in Maces & Flails
  1418 | D:2      | Reached skill level 1 in Polearms
  1418 | D:2      | Reached skill level 1 in Staves
  1418 | D:2      | Reached skill level 1 in Ranged Weapons
  1418 | D:2      | Reached skill level 1 in Throwing
  1418 | D:2      | Reached skill level 1 in Armour
  1418 | D:2      | Reached skill level 1 in Shields
  1418 | D:2      | Reached skill level 1 in Unarmed Combat
  1418 | D:2      | Reached skill level 1 in Evocations
  1474 | D:2      | Noticed an ogre
  1484 | D:2      | Killed an ogre
  1485 | D:2      | Reached skill level 1 in Hexes
  1485 | D:2      | Reached skill level 1 in Summonings
  1485 | D:2      | Reached skill level 1 in Necromancy
  1485 | D:2      | Reached skill level 1 in Translocations
  1485 | D:2      | Reached skill level 1 in Transmutations
  1485 | D:2      | Reached skill level 1 in Fire Magic
  1485 | D:2      | Reached skill level 1 in Ice Magic
  1485 | D:2      | Reached skill level 1 in Air Magic
  1485 | D:2      | Reached skill level 1 in Earth Magic
  1485 | D:2      | Reached skill level 1 in Poison Magic
  1485 | D:2      | Reached XP level 4. HP: 32/32 MP: 3/11
  1485 | D:2      | Reached XP level 5. HP: 37/37 MP: 3/12
  1659 | D:2      | Learned a level 4 spell: Iskenderun's Mystic Blast
  2180 | D:2      | Found a white marble altar of Elyvilon.
  2234 | D:2      | Found a faded altar of an unknown god.
  2410 | D:2      | Learned a level 2 spell: Poisonous Vapours
  2442 | D:3      | Noticed Ijyb
  2471 | D:3      | Killed Ijyb
  2726 | D:3      | Reached XP level 6. HP: 44/44 MP: 10/13
  2847 | D:3      | Reached skill level 5 in Dodging
  3344 | D:3      | Found a hazy altar of Hepliaklqana.
  3912 | D:4      | Noticed Dowan
  3997 | D:4      | Noticed Duvessa
  4000 | D:4      | Killed Dowan
  4006 | D:4      | Killed Duvessa
  4007 | D:4      | Reached XP level 7. HP: 44/51 MP: 7/15
  4098 | D:4      | Found a blossoming altar of Fedhas.
  4779 | D:5      | Entered Level 5 of the Dungeon
  4900 | D:5      | Reached skill level 5 in Stealth
  5104 | D:5      | Noticed Menkaure
  5116 | D:5      | Killed Menkaure
  5519 | D:5      | Reached XP level 8. HP: 58/58 MP: 7/16
  5612 | D:5      | Found a shimmering altar of Xom.
  5613 | D:5      | Found a burning altar of Makhleb.
  5911 | D:5      | Noticed Blork the orc
  5920 | D:5      | Killed Blork the orc
  6390 | D:6      | Found a radiant altar of Vehumet.
  7052 | D:6      | Found a shadowy altar of Dithmenos.
  7347 | D:6      | Reached XP level 9. HP: 21/65 MP: 0/18
  7633 | D:6      | Reached skill level 8 in Conjurations
  7781 | D:6      | Found a glowing silver altar of Zin.
  8049 | D:7      | Found a broken altar of Ashenzari.
  8051 | D:7      | Found a stormy altar of Qazlal.
  8191 | D:7      | Found Duonwur's CLEARANCE SALE!.
  8202 | D:7      | Bought a scroll of identify for 10 gold pieces
  8202 | D:7      | Bought a potion of might for 20 gold pieces
  8202 | D:7      | Bought a potion of heal wounds for 25 gold pieces
  8271 | D:6      | Reached skill level 5 in Invocations
  8916 | D:7      | Noticed Prince Ribbit
  8921 | D:7      | Killed Prince Ribbit
  8922 | D:7      | Reached skill level 5 in Fighting
  8922 | D:7      | Reached skill level 5 in Short Blades
  8922 | D:7      | Reached skill level 5 in Long Blades
  8922 | D:7      | Reached skill level 5 in Axes
  8922 | D:7      | Reached skill level 5 in Maces & Flails
  8922 | D:7      | Reached skill level 5 in Polearms
  8922 | D:7      | Reached skill level 5 in Staves
  8922 | D:7      | Reached skill level 5 in Ranged Weapons
  8922 | D:7      | Reached skill level 5 in Throwing
  8922 | D:7      | Reached skill level 5 in Armour
  8922 | D:7      | Reached skill level 5 in Shields
  8922 | D:7      | Reached skill level 5 in Unarmed Combat
  8922 | D:7      | Reached skill level 5 in Evocations
  8922 | D:7      | Reached XP level 10. HP: 65/74 MP: 6/20
  9329 | D:7      | Found a staircase to the Ecumenical Temple.
  9336 | Temple   | Entered the Ecumenical Temple
  9534 | D:7      | Found a basalt altar of Yredelemnul.
 10546 | D:8      | Paralysed by a hornet for 2 turns
 10904 | D:8      | Found a staircase to the Lair.
 11129 | D:8      | Found a bloodstained altar of Trog.
 11586 | Temple   | Became a worshipper of Cheibriados the Contemplative
 11692 | D:9      | Reached skill level 5 in Hexes
 11692 | D:9      | Reached skill level 5 in Summonings
 11692 | D:9      | Reached skill level 5 in Necromancy
 11692 | D:9      | Reached skill level 5 in Translocations
 11692 | D:9      | Reached skill level 5 in Transmutations
 11692 | D:9      | Reached skill level 5 in Fire Magic
 11692 | D:9      | Reached skill level 5 in Ice Magic
 11692 | D:9      | Reached skill level 5 in Air Magic
 11692 | D:9      | Reached skill level 5 in Earth Magic
 11692 | D:9      | Reached skill level 5 in Poison Magic
 11692 | D:9      | Reached XP level 11. HP: 40/81 MP: 6/22
 12278 | D:9      | Reached * piety under Cheibriados
 13021 | D:9      | Found an iron altar of Okawaru.
 13344 | D:9      | Reached skill level 9 in Conjurations
 13491 | D:9      | Found a white marble altar of Elyvilon.
 13580 | D:10     | Entered Level 10 of the Dungeon
 13797 | D:10     | Found an opulent altar of Gozag.
 14366 | D:10     | Reached ** piety under Cheibriados
 14373 | D:10     | Noticed a skeletal warrior
 14598 | D:10     | Gained mutation: Armour fits poorly on your strangely
                  | shaped body. [potion of mutation]
 14598 | D:10     | Gained mutation: You passively map a small area around you.
                  | [potion of mutation]
 14598 | D:10     | Gained mutation: You have large cloven feet. [potion of
                  | mutation]
 14599 | D:10     | Lost mutation: Armour fits poorly on your strangely shaped
                  | body. [potion of mutation]
 14599 | D:10     | Lost mutation: You passively map a small area around you.
                  | [potion of mutation]
 14599 | D:10     | Lost mutation: You have large cloven feet. [potion of
                  | mutation]
 14599 | D:10     | Gained mutation: You have an increased reservoir of magic.
                  | (+10% MP) [potion of mutation]
 14599 | D:10     | Gained mutation: You have a somewhat thin skeletal
                  | structure. (Dex +2, Stealth+) [potion of mutation]
 14599 | D:10     | Gained mutation: Your spells are a little easier to cast,
                  | but a little less powerful. [potion of mutation]
 14623 | D:10     | Found a hide-covered altar of Uskayaw.
 14756 | D:10     | Noticed Fannar
 14778 | D:10     | HP: 2/83 [Fannar/+0 quarterstaff of freezing (13)]
 14780 | D:10     | Demolished by Fannar

Illustrated notes

Levels and vault maps discovered:
D:1:      nicolae_arrival_somewhat_less_tricky_arrival, layout_basic
D:2:      layout_loops_ring, nicolae_ecumenical_oubliette, basic_altar
D:3:      layout_basic, pf_just_have_faith, minmay_unequal, uniq_ijyb
D:4:      layout_gridville, old_standard_altar, uniq_duvessa
D:5:      layout_loops_corners, grunt_temple_overflow_champion_of_chaos,
          nicolae_figureground_sparkle, uniq_blork_the_orc, uniq_menkaure
D:6:      layout_loops_ring, grunt_dithmenos_smoke,
          mainiacjoe_overflow_concentric_impassable,
          nicolae_overflow_hidden_temple, minmay_pentangle
D:7:      layout_rooms, mainiacjoe_overflow_chevrons, jmf_multi_god_temple,
          minmay_temple_entry_glass, nicolae_shop_clearance, uniq_prince_ribbit1
D:8:      layout_loops_ring, lightli_temple_of_fire, hellmonk_lair_entry_icy
D:9:      layout_stronghold, nicolae_overflow_crystal_walls, elyvilon_altar_5,
          serial_glass, glass_columns_a, glass_columns_b
D:10:     minmay_the_grid_triangle_9x9_recursive_2
          [minmay_the_grid_triangle_9x9_prize_top_heavy,
          minmay_the_grid_triangle_9x9_stretched_checkered,
          minmay_the_grid_triangle_9x9_swiss_cheese,
          minmay_the_grid_triangle_9x9_zippers_vertical], layout_basic,
          mainiacjoe_overflow_surrounded_room, kennysheep_mini,
          nicolae_concentric_dashed_squares_mild, uniq_fannar
Temple:   nicolae_temple_little_seven

Skill      XL: |  1  2  3  4  5  6  7  8  9 10 11 |
---------------+----------------------------------+-----
Spellcasting   | 5 6 7 8 |  8.5
Invocations    | 1 2 3 4 5 6 7 |  7.4
Fighting       | 1 2 3 5 6 |  6.7
Short Blades   | 1 2 3 5 6 |  6.7
Long Blades    | 1 2 3 5 6 |  6.7
Axes           | 1 2 3 5 6 |  6.7
Maces & Flails | 1 2 3 5 6 |  6.7
Polearms       | 1 2 3 5 6 |  6.7
Staves         | 1 2 3 5 6 |  6.7
Ranged Weapons | 1 2 3 5 6 |  6.7
Throwing       | 1 2 3 5 6 |  6.7
Armour         | 1 2 3 5 6 |  6.7
Shields        | 1 2 3 5 6 |  6.7
Unarmed Combat | 1 2 3 5 6 |  6.7
Evocations     | 1 2 3 5 6 |  6.7
Hexes          | 1 2 3 4 5 |  5.6
Summonings     | 1 2 3 4 5 |  5.6
Necromancy     | 1 2 3 4 5 |  5.6
Translocations | 1 2 3 4 5 |  5.6
Transmutations | 1 2 3 4 5 |  5.6
Fire Magic     | 1 2 3 4 5 |  5.6
Ice Magic      | 1 2 3 4 5 |  5.6
Air Magic      | 1 2 3 4 5 |  5.6
Earth Magic    | 1 2 3 4 5 |  5.6
Poison Magic   | 1 2 3 4 5 |  5.6
Dodging        | 5 6 7 8 |  8.2
Stealth        | 5 6 7 8 |  8.0
Conjurations   | 8 9 |  9.1

Action                     |  1- 3 |  4- 6 |  7- 9 | 10-12 || total
---------------------------+-------+-------+-------+-------++-------
  Melee: Hand axe          |     5 |    25 |   183 |   139 ||   352
         Bite              |       |     4 |    21 |    40 ||    65
         Punch             |       |       |     1 |       ||     1
         Morningstar       |       |       |       |   124 ||   124
   Cast: Magic Dart        |    78 |    43 |    41 |    55 ||   217
         Searing Ray       |     1 |     7 |    20 |    12 ||    40
         Poisonous Vapours |       |     1 |     3 |       ||     4
         Iskenderun's Myst |       |       |     6 |    46 ||    52
  Evoke: Wand              |       |     4 |     4 |    13 ||    21
    Use: Scroll            |       |    12 |    10 |     8 ||    30
         Potion            |       |       |     1 |     9 ||    10
   Stab: Sleeping          |       |     5 |     9 |     3 ||    17
         Distracted        |       |       |     1 |       ||     1
 Armour: Robe              |     2 |    10 |   104 |   118 ||   234
  Dodge: Dodged            |    11 |    34 |   196 |   257 ||   498
  Block: Buckler           |       |       |    40 |   125 ||   165
